[Event "*** Titled Tuesday 3|2 Blitz"]
[Site "Chess.com"]
[Date "2016.03.01"]
[Round "6"]
[White "kikydu96"]
[Black "gumersindo"]
[Result "0-1"]
[WhiteElo "2267"]
[BlackElo "2330"]
[TimeControl "180+2"]
[EndTime "18:15:58 PST"]
[Termination "gumersindo won by checkmate"]

1. e4 e5 2. Nf3 Nc6 3. d4 exd4 4. Nxd4 Nf6 5. Nc3 Bb4 6. Nxc6 bxc6 7. Bd3 d5 8. exd5 cxd5 9. O-O O-O 10. h3 Rb8 11.
Qf3 c6 12. Bf4 Bd6 13. b3 Re8 14. Ne2 Qc7 15. Bxd6 Qxd6 16. Rad1 c5 17. c3 a5 18. Nf4 Bb7 19. Bc2 Re7 20. Qd3 g6 21. Qg3 Rd8 22.
Rfe1 Rxe1+ 23. Rxe1 d4 24. c4 Bc6 25. h4 Re8 26.
Rxe8+ Nxe8 27. h5 Nc7 28. hxg6 hxg6 29. Qg5 Bd7 30. Qh6 Ne6 31. Nh5 Qe5 32. Bxg6 fxg6 33. Qxg6+ Kf8 34. Nf6 Ke7 35. Nd5+ Kd6 36. Qg8 Qe1+ 37.
Kh2 Qe5+ 38. Kg1 Qe1+ 39. Kh2 Qe5+ 40. g3 Qh5+ 41. Kg2 Qe8 42. Qg4 Bc6 43. Qf5 Qf8 44. Qe4 Qf7 45. f4 Bxd5 46. cxd5 Nc7 47. Qe5+ Kd7 48.
d6 Qd5+ 49. Kf2 Qxd6 50. Qg7+ Kc6 51. Qg8 Qd5 52. Qg6+ Kb5 53. Qd3+ c4 54. bxc4+ Qxc4 55. Qf5+ Nd5 56. Qd7+ Kb4 57. Qb7+ Kc3 58. Qa7 a4 59. Qa5+ Kd3 60. Qe1 Qc2+ 61. Kf3 Qd2 62. Qe4+ Kc4 63. Qe6 Qd1+ 64. Kg2 Kc5 65. Qc8+ Kb4 66. Qb7+ Kc4 67. Qc6+ Kd3 68. Qxd5 Qe2+ 69. Kh3 Qf1+ 70. Kg4 Qe2+ 71. Kg5 Kc3 72. Qc5+ Kd3 73. Qb5+ Ke3 74. Qxa4 d3 75. Qa7+ Kf3 76. Qb7+ Kf2 77. Qb6+ Qe3 78. Qxe3+ Kxe3 79. f5 d2 80. f6 d1=Q 81. Kg6 Qb1+ 82. Kg7 Qxa2 83.
f7 Qa7 84. Kg8 Qa2 85. Kg7 Qb2+ 86. Kg8 Qb3 87. g4 Kf4 88. g5 Kf5 89. g6 Kf6 90. Kh8 Qb8+ 91. Kh7 Qf8 92. g7 Qxg7# 0-1

[Event "*** Titled Tuesday 3|2 Blitz"]
[Site "Chess.com"]
[Date "2016.03.01"]
[Round "7"]
[White "MinhGTrAn"]
[Black "tigra"]
[Result "1-0"]
[WhiteElo "2660"]
[BlackElo "2407"]
[TimeControl "180+2"]
[EndTime "18:20:33 PST"]
[Termination "MinhGTrAn won by resignation"]

1. d4 Nf6 2. c4 g6 3. Nc3 d5 4. Bg5 Ne4 5. Bh4 Nxc3 6. bxc3 Bg7 7. e3 O-O 8. cxd5 Qxd5 9. Bxe7 Re8 10. Ba3 b6 11. Be2 Ba6 12. Nf3 Qa5 13. Bb4 Bxe2 14.
Qxe2 Qa4 15. Qb2 c5 16. Ba3 Qa6 17. Qb3 Nc6 18. Bb2 Rad8 19. a4 cxd4 20. cxd4 Nxd4 21. Nxd4 Bxd4 22. Bxd4 Rxd4 23. Qb5 Qb7 24. Qxe8+ 1-0

[Event "*** Titled Tuesday 3|2 Blitz"]
[Site "Chess.com"]
[Date "2016.03.01"]
[Round "7"]
[White "Gau_truc_lon"]
[Black "davidarenas1224"]
[Result "1-0"]
[WhiteElo "2163"]
[BlackElo "2183"]
[TimeControl "180+2"]
[EndTime "18:21:34 PST"]
[Termination "Gau_truc_lon won by resignation"]

1. d4 Nf6 2. c4 g6 3. Nc3 Bg7 4. e4 O-O 5. h3 d6 6. Be3 e5 7. d5 a5 8. c5 Na6 9. cxd6 cxd6 10.
Nf3 Nc5 11. Nd2 Bd7 12. Be2 b5 13. Bxc5 dxc5 14. Nxb5 Bh6 15. Nc3 Rb8 16. Nc4 Bb5 17. b3 Bxc4 18. Bxc4 Nh5 19. g3 Qd7 20. Qg4 Qe8 21.
d6 Rd8 22. Bb5 Qe6 23. Qxe6 fxe6 24. Rd1 Rf3 25. Na4 Bf8 26. Ke2 Rf7 27. d7 Nf6 28.
Bc4 Rfxd7 29. Bxe6+ 1-0

[Event "*** Titled Tuesday 3|2 Blitz"]
[Site "Chess.com"]
[Date "2016.03.01"]
[Round "7"]
[White "Quiet_Desperation"]
[Black "gumersindo"]
[Result "1/2-1/2"]
[WhiteElo "2251"]
[BlackElo "2328"]
[TimeControl "180+2"]
[EndTime "18:21:39 PST"]
[Termination "Game drawn by agreement"]

1. e4 e5 2. Nf3 Nc6 3. Bb5 a6 4. Ba4 Nf6 5. d3 b5 6. Bb3 Be7 7. c3 d6 8. O-O O-O 9. h3 Na5 10.
Bc2 c5 11. Re1 Nc6 12. Nbd2 Qc7 13. Nf1 Re8 14. Ng3 g6 15. Bg5 Be6 16. Qd2 Qd8 17.
Rf1 Nd7 18. Bxe7 Qxe7 19. Nh2 f5 20. exf5 gxf5 21. f4 Rf8 22. a4 c4 23. Rae1 cxd3 24. Bxd3 e4 25. Nxe4 fxe4 26. Bxe4 Rac8 27. f5 Nde5 28.
fxe6 Rxf1+ 29. Rxf1 bxa4 30. Ng4 Nxg4 31. hxg4 Ne5 32.
Qh6 Qg7 33. Qxg7+ Kxg7 34. Bd5 Rb8 35. Rf4 Rxb2 36. Rxa4 Kf6 37. Rf4+ Ke7 38. Ra4 Rd2 39. c4 Nxg4 40. Kf1 Ne3+ 41. Ke1 Rd4 42. Rxa6 Nxd5 43. cxd5 Rxd5 44. Ra7+ Kxe6 1/2-1/2

[Event "*** Titled Tuesday 3|2 Blitz"]
[Site "Chess.com"]
[Date "2016.03.01"]
[Round "7"]
[White "kikydu96"]
[Black "Iwannabetheguy"]
[Result "1-0"]
[WhiteElo "2270"]
[BlackElo "2002"]
[TimeControl "180+2"]
[EndTime "18:22:36 PST"]
[Termination "kikydu96 won by resignation"]

1. e4 e5 2. Nf3 Nc6 3. d4 exd4 4. Nxd4 Nf6 5. Nc3 Bb4 6. Nxc6 bxc6 7. Bd3 d5 8. exd5 cxd5 9. O-O O-O 10. h3 c6 11. Qf3 Rb8 12. Bf4 Bd6 13. b3 Bxf4 14.
Qxf4 Be6 15. Ne2 Qa5 16. Nd4 Qc5 17. Rfe1 Rbe8 18. Nf5 Bxf5 19. Qxf5 Qc3 20. Kf1 Ne4 21. Bxe4 dxe4 22. Rac1 e3 23. fxe3 Rxe3 24. Rxe3 Qxe3 25.
Rd1 Re8 26. Qf2 Qe7 27. Re1 Qxe1+ 28. Qxe1 Rxe1+ 29. Kxe1 Kf8 30. Ke2 Ke7 31. Ke3 Kd6 32. Kd4 f5 33. b4 g5 34. c4 h5 35. a4 h4 36. c5+ Ke6 37. b5 cxb5 38. axb5 g4 39.
Ke3 gxh3 40. gxh3 Kd5 41. c6 Kd6 42. Kf4 a5 43. bxa6 Kxc6 44. Kxf5 Kb6 45. Kg4 Kxa6 46.
Kxh4 Kb6 47. Kg5 Kc7 48. Kf6 Kd7 49. Kf7 Kd6 50. h4 Ke5 51. h5 Kf5 52. h6 Kg5 1-0

[Event "*** Titled Tuesday 3|2 Blitz"]
[Site "Chess.com"]
[Date "2016.03.01"]
[Round "7"]
[White "chesstatour"]
[Black "MMSANCHEZ"]
[Result "0-1"]
[WhiteElo "1988"]
[BlackElo "2261"]
[TimeControl "180+2"]
[EndTime "18:23:10 PST"]
[Termination "MMSANCHEZ won by resignation"]

1. c4 e5 2. Nc3 Nf6 3. Nf3 Nc6 4. d4 exd4 5. Nxd4 Bb4 6. g3 O-O 7.
Bg2 Ne5 8. O-O Nxc4 9. Qb3 Bxc3 10. Qxc3 Nd6 11. Bf4 Nfe8 12. Rac1 a6 13. a4 Qf6 14.
e4 Qg6 15. e5 Ne4 16. Qd3 d5 17. exd6 N4xd6 18. Qxg6 hxg6 19. Rfd1 Rb8 20. Rxc7 Nxc7 21. Bxd6 Bg4 22. f3 Bd7 23. Bxc7 Bxa4 24. b3 Rbc8 25. Bf4 Bd7 26. Be3 Rc3 27. Bf2 Rfc8 28. f4 Rc1 29.
Bf3 Rxd1+ 30. Bxd1 Rc1 0-1

[Event "*** Titled Tuesday 3|2 Blitz"]
[Site "Chess.com"]
[Date "2016.03.01"]
[Round "7"]
[White "Goala"]
[Black "josiwales"]
[Result "1-0"]
[WhiteElo "2241"]
[BlackElo "2097"]
[TimeControl "180+2"]
[EndTime "18:23:11 PST"]
[Termination "Goala won by resignation"]

1. d4 d5 2. c4 e6 3. Nc3 c6 4. e3 f5 5. Qc2 Nf6 6. Bd3 Bd6 7. Nge2 O-O 8. f3 Bd7 9. Bd2 Be8 10.
O-O-O Nbd7 11. h3 Rc8 12. Kb1 a6 13. e4 fxe4 14. fxe4 dxe4 15. Nxe4 Nxe4 16. Bxe4 Nf6 17. Bd3 c5 18. Bc3 cxd4 19. Nxd4 Qe7 20. Rhe1 Bd7 21. Nf5 exf5 22. Rxe7 Bxe7 23. Bxf5 Bxf5 24. Qxf5 Kh8 25. Qe6 Rfe8 26. Qf7 b5 27. Rd7 b4 28. Be5 1-0

[Event "*** Titled Tuesday 3|2 Blitz"]
[Site "Chess.com"]
[Date "2016.03.01"]
[Round "7"]
[White "maciek_92"]
[Black "Izoria123"]
[Result "1-0"]
[WhiteElo "2477"]
[BlackElo "2573"]
[TimeControl "180+2"]
[EndTime "18:23:32 PST"]
[Termination "maciek_92 won by resignation"]

1. c4 Nf6 2. Nc3 e5 3. g3 Bb4 4. Nd5 Nxd5 5. cxd5 O-O 6. Bg2 c6 7. a3 Bc5 8. e3 cxd5 9. Bxd5 Nc6 10. Ne2 d6 11. b4 Bb6 12. O-O Bh3 13. Re1 Qd7 14.
Bb2 Ne7 15. Bh1 f5 16. Qb3+ Kh8 17. a4 a6 18. d4 e4 19. Nf4 Bg4 20. h3 Bf3 21.
Bxf3 exf3 22. Qd1 d5 23. Qxf3 Rac8 24. Rec1 Rxc1+ 25. Rxc1 Qxa4 26. Nxd5 Nxd5 27. Qxd5 Qxb4 28. Qxb7 Qxb2 29. Rc8 Rg8 30. Qb8 Qb1+ 31. Kh2 Qa2 32. Rxg8+ Qxg8 33. Qxb6 Qa8 34. d5 h5 35. Qc6 1-0

[Event "*** Titled Tuesday 3|2 Blitz"]
[Site "Chess.com"]
[Date "2016.03.01"]
[Round "7"]
[White "Titus369"]
[Black "TheMagician"]
[Result "0-1"]
[WhiteElo "2242"]
[BlackElo "2164"]
[TimeControl "180+2"]
[EndTime "18:23:36 PST"]
[Termination "TheMagician won by checkmate"]

1. e4 c5 2. Nf3 d6 3. d4 cxd4 4. Nxd4 Nf6 5. Nc3 a6 6. h3 e5 7. Nde2 Be6 8. g4 d5 9. exd5 Nxd5 10. Bg2 Bb4 11. O-O Bxc3 12. Nxc3 Nxc3 13. Qxd8+ Kxd8 14. bxc3 Nc6 15. Be3 Kc7 16. Rab1 b5 17. a4 Bc4 18.
axb5 axb5 19. Rfd1 Rhd8 20. Bf1 Rxd1 21. Rxd1 Bxf1 22.
Kxf1 Ra3 23. Bd2 Ra2 24. Rc1 Na5 25. Ke2 Nc4 26. Be1 Kc6 27. Kd3 Kd5 28. f3 f6 29.
Rb1 Rb2 30. Ra1 g6 31. Ra8 f5 32.
Rd8+ Ke6 33. gxf5+ gxf5 34. Re8+ Kd7 35. Rh8 Rb1 36.
Rxh7+ Ke6 37. Bf2 Rd1+ 38. Ke2 Rd2+ 39. Ke1 Rxc2 40. Rb7 Rxc3 41. Rxb5 Rxf3 42. h4 e4 43. h5 Rh3 44. Rc5 Ne5 45. Rc8 f4 46. Re8+ Kd5 47. Rh8 e3 48. h6 Rh1+ 49. Ke2 Rh2 50. h7 Rxf2+ 51. Ke1 Nd3+ 52. Kd1 Rd2# 0-1

[Event "*** Titled Tuesday 3|2 Blitz"]
[Site "Chess.com"]
[Date "2016.03.01"]
[Round "7"]
[White "yopino"]
[Black "Shivagami"]
[Result "0-1"]
[WhiteElo "2159"]
[BlackElo "1824"]
[TimeControl "180+2"]
[EndTime "18:23:36 PST"]
[Termination "Shivagami won by resignation"]

1. e4 c5 2. Nc3 e6 3. g3 d5 4.
exd5 exd5 5. Bg2 Nf6 6. Nge2 Nc6 7. d4 cxd4 8. Nxd4 Be7 9. O-O O-O 10. h3 Bc5 11.
Nb3 Bb6 12. Bg5 d4 13. Nd5 Bf5 14. Bxf6 gxf6 15. Qf3 Bxc2 16. Nxf6+ Kh8 17. Rfe1 d3 18. Nd2 Nd4 19. Qf4 Ne2+ 20. Rxe2 dxe2 21. Be4 Bxe4 22.
Ndxe4 Qd1+ 23. Kh2 Rg8 24. Qh6 Rg7 25. Ng5 e1=Q 26.
Rxd1 Qxd1 27. Ngxh7 Rg6 28. Qh4 Kg7 29. Ng5 Rh8 30. Nh5+ Qxh5 0-1

[Event "*** Titled Tuesday 3|2 Blitz"]
[Site "Chess.com"]
[Date "2016.03.01"]
[Round "7"]
[White "Rating-Schmating"]
[Black "Recombinant"]
[Result "0-1"]
[WhiteElo "2251"]
[BlackElo "2205"]
[TimeControl "180+2"]
[EndTime "18:23:44 PST"]
[Termination "Recombinant won by resignation"]

1. e4 d6 2. d4 Nf6 3. Nc3 g6 4. Nf3 Bg7 5. h3 O-O 6. Be2 b6 7. Be3 Bb7 8. e5 Ne4 9. Nxe4 Bxe4 10. exd6 cxd6 11. O-O Nd7 12. Bd3 Bxd3 13. Qxd3 Rc8 14. c3 Qc7 15. Rfe1 e6 16. Bf4 Qc6 17. Qd2 d5 18.
Ne5 Nxe5 19. Bxe5 b5 20. Qf4 a5 21. a3 Qc4 22. h4 h5 23. g3 Rfd8 24. Rac1 Qd3 25.
Kg2 Rc4 26. Bc7 Ra8 27. Be5 b4 28. axb4 axb4 29. Red1 Qf5 30. Qxf5 gxf5 31. Bxg7 Kxg7 32. Rc2 Ra2 33. Rdc1 Kg6 34. Kf3 bxc3 35. Rxc3 Rxd4 36. R3c2 Rb4 37. Rb1 Rb3+ 38. Ke2 d4 39. Kd2 e5 40.
Rc6+ f6 41. Kc2 Rb7 42. Kc1 e4 43. Kc2 d3+ 44. Kc3 Raa7 45. b4 Ra3+ 46. Rb3 Ra1 47. Rb2 Rc1+ 0-1

[Event "*** Titled Tuesday 3|2 Blitz"]
[Site "Chess.com"]
[Date "2016.03.01"]
[Round "7"]
[White "AlexanderL"]
[Black "DanielNaroditsky"]
[Result "0-1"]
[WhiteElo "2576"]
[BlackElo "2611"]
[TimeControl "180+2"]
[EndTime "18:23:52 PST"]
[Termination "DanielNaroditsky won by resignation"]

1. d4 Nf6 2. c4 d6 3. g3 Nbd7 4. Bg2 e5 5. Nf3 g6 6. O-O Bg7 7. Nc3 O-O 8. Qc2 c6 9. Rd1 Qe7 10. e4 exd4 11. Nxd4 Nc5 12. f3 a5 13. Be3 Nfd7 14.
Bf2 Ne5 15. b3 f5 16. exf5 gxf5 17. Nce2 Ng6 18. Re1 Qf7 19. f4 Ne4 20. Be3 c5 21. Nb5 Bxa1 22. Rxa1 Bd7 23. Bxe4 fxe4 24. Nxd6 Qf6 25.
Rd1 Bc6 26. Nc3 Rad8 27. Ndxe4 Qf5 28. Bxc5 Rxd1+ 29. Qxd1 Re8 30. g4 Qxf4 31. Bd6 Qe3+ 32. Nf2 Qe1+ 0-1

[Event "*** Titled Tuesday 3|2 Blitz"]
[Site "Chess.com"]
[Date "2016.03.01"]
[Round "7"]
[White "Kawhi_Leonard2"]
[Black "vellottiwizard"]
[Result "0-1"]
[WhiteElo "2098"]
[BlackElo "2473"]
[TimeControl "180+2"]
[EndTime "18:24:04 PST"]
[Termination "vellottiwizard won by resignation"]

1. e4 e6 2. d4 d5 3. Nd2 Nc6 4. Ngf3 Nf6 5. e5 Nd7 6. Nb3 a5 7. a4 b6 8. c3 Ba6 9. Bxa6 Rxa6 10. Ng5 Be7 11. Qh5 Bxg5 12. Bxg5 Qc8 13. O-O Nf8 14.
f4 h6 15. f5 exf5 16. Qh3 Qe6 17. Rxf5 hxg5 18. Qxh8 Qxf5 19. Qxg7 Qg6 20. Qh8 Ra8 21. Rf1 Ne7 22. Qh3 Ne6 23. Rf6 Qg7 24. Nd2 g4 25. Qh4 Kd7 26. Qf2 Rf8 27. Nf1 Ng5 28. Qe2 Ne4 29. Qb5+ c6 30. Rxc6 Nxc6 31. Qxd5+ Kc7 32.
Qxe4 Qg5 33. Ne3 f5 34. exf6 Kb7 35. Nxg4 Qc1+ 36. Kf2 Qxb2+ 37. Kg1 Qxc3 38. d5 Qd4+ 39. Qxd4 Nxd4 40. h4 b5 41. h5 bxa4 42. h6 a3 43. h7 a2 0-1

[Event "*** Titled Tuesday 3|2 Blitz"]
[Site "Chess.com"]
[Date "2016.03.01"]
[Round "7"]
[White "GMHess"]
[Black "GM_Huschenbeth"]
[Result "0-1"]
[WhiteElo "2604"]
[BlackElo "2426"]
[TimeControl "180+2"]
[EndTime "18:24:07 PST"]
[Termination "GM_Huschenbeth won by resignation"]

1. b3 e5 2. Bb2 Nc6 3. e3 Nf6 4. Bb5 Bd6 5. Ne2 a6 6. Bxc6 dxc6 7. Ng3 O-O 8. h3 c5 9. Qf3 Qe7 10. d3 Re8 11. Nd2 Rb8 12. O-O-O b5 13. Nde4 Nxe4 14. dxe4 c4 15. Kb1 g6 16. Qe2 Ba3 17. Ba1 a5 18. Rd5 Bd6 19. h4 h5 20. f4 Bg4 21. Qf2 c6 22. fxe5 cxd5 23. exd6 Qxd6 24. exd5 Rbc8 25. e4 c3 26. Rf1 Re7 27. Ne2 Bxe2 28. Qxe2 b4 29.
g4 Qxd5 30. gxh5 Qxe4 31. Qf2 Rce8 32. a3 Qe2 33. Qf4 Qxf1+ 0-1

[Event "*** Titled Tuesday 3|2 Blitz"]
[Site "Chess.com"]
[Date "2016.03.01"]
[Round "7"]
[White "chessking2151"]
[Black "djgwards"]
[Result "0-1"]
[WhiteElo "2310"]
[BlackElo "2262"]
[TimeControl "180+2"]
[EndTime "18:24:13 PST"]
[Termination "djgwards won by resignation"]

1. e4 e5 2. Nf3 Nc6 3. Bb5 a6 4. Ba4 Nf6 5. O-O Be7 6. d3 b5 7.
Bb3 d6 8. a4 Rb8 9. Nc3 O-O 10.
Nd5 Nxd5 11. Bxd5 Nb4 12. Bb3 c5 13. c3 Nc6 14. Bd5 Qc7 15. h3 Be6 16. axb5 axb5 17. d4 exd4 18. cxd4 Bxd5 19. exd5 Nb4 20. dxc5 Qxc5 21.
Nd4 Qxd5 22. Ra3 Bf6 23. Be3 Rfc8 24. Qg4 h5 25. Qf4 Rc4 26. Rd1 Re8 27. Rc3 Re4 28.
Qf3 Bxd4 29. Rd2 Rxe3 30. Rxe3 Rc1+ 31. Kh2 Be5+ 32. Rxe5 Qxe5+ 33. g3 Qe1 0-1

[Event "*** Titled Tuesday 3|2 Blitz"]
[Site "Chess.com"]
[Date "2016.03.01"]
[Round "7"]
[White "Fins0905"]
[Black "jcibarra"]
[Result "0-1"]
[WhiteElo "2453"]
[BlackElo "2503"]
[TimeControl "180+2"]
[EndTime "18:24:18 PST"]
[Termination "jcibarra won on time"]

1. Nf3 Nf6 2. g3 g6 3. Bg2 Bg7 4. O-O d6 5. d4 O-O 6. b3 a5 7. a4 Nc6 8. Bb2 Bf5 9. Nbd2 Qd7 10. Re1 Bh3 11. Bh1 Qf5 12. e4 Qh5 13. Nh4 Ng4 14. f3 Nh6 15. Nf1 e5 16. d5 Ne7 17. f4 Bg4 18.
Qc1 exf4 19. Bxg7 Kxg7 20. Ng2 f3 21. Nf4 Qe5 22. c3 g5 23. Nd3 Qf6 24. Ne3 Ng6 25. Rf1 Bh5 26. g4 Bxg4 27. Nxg4 Nxg4 28. Rxf3 Qe7 29. Rf5 h6 30. c4 N4e5 31. Qc3 b6 32.
Raf1 f6 33. Nc1 Nh4 34. R5f2 Rae8 35. Re2 Kh7 36. Qg3 Nhg6 37. Ref2 Nf4 38. Ne2 Ned3 0-1

[Event "*** Titled Tuesday 3|2 Blitz"]
[Site "Chess.com"]
[Date "2016.03.01"]
[Round "7"]
[White "GianmarcoVaR"]
[Black "jk13"]
[Result "1-0"]
[WhiteElo "2372"]
[BlackElo "2417"]
[TimeControl "180+2"]
[EndTime "18:24:23 PST"]
[Termination "GianmarcoVaR won by resignation"]

1. c4 e6 2. Nf3 Nf6 3. d4 d5 4.
g3 dxc4 5. Bg2 Bb4+ 6. Bd2 c5 7. O-O O-O 8. Qc2 Bxd2 9. Nbxd2 cxd4 10. Nxc4 Nc6 11.
Rfd1 Qe7 12. Nxd4 Nxd4 13. Rxd4 e5 14. Rd2 Bg4 15. h3 Bh5 16. Nd6 Bg6 17. Qb3 Rad8 18.
Rad1 b6 19. Qa3 h6 20. g4 e4 21. e3 Qe6 22. Qxa7 Ra8 23. Qxb6 Rxa2 24. Bf1 Raa8 25. Nc4 Qe7 26. Qd6 Qb7 27. Ne5 Bh7 28. Bc4 Rae8 29. b4 Kh8 30. b5 Ng8 31. b6 f6 32.
Nd7 Rd8 33. Qc7 Rb8 34. Qxb7 Rxb7 35. Nxf8 Rxb6 36. Nxh7 Kxh7 37. Bxg8+ Kxg8 38. Rd8+ Kh7 39. R1d7 Re6 40. Kg2 h5 41. gxh5 Re5 42. Kg3 Rxh5 43. h4 Re5 44. Rf8 Rf5 45. Rff7 Rf3+ 46. Kg2 1-0

[Event "*** Titled Tuesday 3|2 Blitz"]
[Site "Chess.com"]
[Date "2016.03.01"]
[Round "7"]
[White "Hikaru"]
[Black "GrigorGrigorov"]
[Result "1-0"]
[WhiteElo "2866"]
[BlackElo "2548"]
[TimeControl "180+2"]
[EndTime "18:24:28 PST"]
[Termination "Hikaru won by resignation"]

1. g3 d5 2. Nf3 Nf6 3. d3 c6 4.
Bg2 Bg4 5. Nbd2 Nbd7 6. c4 dxc4 7. Nxc4 Bxf3 8. Bxf3 e5 9. O-O Be7 10. b4 O-O 11. Qb3 a6 12. Bb2 Qc7 13. Rac1 Rfe8 14. Bg2 Bf8 15. a3 e4 16. dxe4 Nxe4 17. Rfd1 Ndf6 18. Bd4 h5 19. Bb6 Qc8 20. f3 Ng5 21. e4 h4 22. Be3 Ne6 23. Nb6 Qb8 24. f4 Ng4 25. Nxa8 Qxa8 26. Bh3 Nxe3 27. Qxe3 a5 28. Bxe6 Rxe6 29. bxa5 Qxa5 30. Rd3 hxg3 31. hxg3 Qh5 32.
Qf3 Qxf3 33. Rxf3 Rxe4 34. Rb3 Ra4 35. Rxb7 Rxa3 36. Kg2 c5 37. Rd1 Ra8 38. Rdd7 f6 39. Kf3 Rc8 40. Kg4 Re8 41. Kf5 Kh7 42. Rb1 Rc8 43.
Rbb7 Re8 44. Rbc7 Ra8 45. Rd1 Re8 46. Rh1+ Kg8 47. Kg6 Re3 48. Rg1 Re8 49. g4 Rd8 50. Rh1 Rd4 51. Rc8 Rxf4 52. Rh8+ 1-0

[Event "*** Titled Tuesday 3|2 Blitz"]
[Site "Chess.com"]
[Date "2016.03.01"]
[Round "7"]
[White "LADIESGET2KNOWME"]
[Black "jcgs1030"]
[Result "1-0"]
[WhiteElo "2373"]
[BlackElo "2208"]
[TimeControl "180+2"]
[EndTime "18:25:08 PST"]
[Termination "LADIESGET2KNOWME won by checkmate"]

1. d4 d5 2. Nf3 Nc6 3. g3 Bg4 4. Bg2 Nf6 5. O-O e6 6. c4 dxc4 7. Qa4 Bd6 8. Qxc4 O-O 9. Nc3 Be7 10. Be3 Nd5 11. Nxd5 exd5 12. Qc2 Bf6 13. Rfd1 Re8 14.
Rac1 h6 15. a3 a6 16. b4 Qe7 17. Qc5 Rad8 18. h3 Bh5 19. g4 Bg6 20. Ne5 Nxe5 21.
dxe5 Bxe5 22. Bxd5 c6 23. Qxe7 Rxe7 24. Bxf7+ Kxf7 25. Rxd8 Bb2 26. Rcd1 Bxa3 27. Bc5 Rxe2 28. R1d7+ Kf6 29.
Rf8+ Kg5 30. Be7+ Rxe7 31. Rxe7 Bxb4 32. Re5+ Kh4 33. Rg8 Bc3 34. f4 Bd4+ 35. Kh2 Bxe5 36. fxe5 Be4 37. e6 Bd5 38. e7 Bxg8 39. e8=Q Bd5 40.
Qe7+ g5 41. Qf6 h5 42. Qh6 Bf7 43. Qh7 Be8 44. Qh8 Bf7 45. Qf6 Bd5 46. Qf2# 1-0

[Event "*** Titled Tuesday 3|2 Blitz"]
[Site "Chess.com"]
[Date "2016.03.01"]
[Round "7"]
[White "SenseiJulio"]
[Black "chessdude"]
[Result "1-0"]
[WhiteElo "2615"]
[BlackElo "2398"]
[TimeControl "180+2"]
[EndTime "18:25:44 PST"]
[Termination "SenseiJulio won by checkmate"]

1. d4 d5 2. c4 c6 3. Nf3 Nf6 4. Nc3 e6 5. g3 dxc4 6. Bg2 Nbd7 7. O-O b5 8. e4 Bb7 9. e5 Nd5 10. Ng5 Be7 11. Qh5 g6 12. Qh6 Bf8 13. Qh3 Be7 14.
Nce4 h6 15. Rd1 Kf8 16. Nd6 Bxd6 17. exd6 Kg7 18. Ne4 N7f6 19. Nxf6 Qxf6 20. Bxd5 cxd5 21. Bf4 Qf5 22. Be5+ f6 23. g4 Qc2 24. Rac1 Qxb2 25. Rb1 Qc2 26. Rdc1 Qd2 27. Rd1 Qc2 28. Bf4 g5 29.
Rdc1 Qa4 30. Qe3 Bc8 31. Bg3 Bd7 32. a3 a5 33. Qd2 Rhb8 34. h4 b4 35. hxg5 hxg5 36.
Be5 Kf7 37. Re1 bxa3 38. Rbc1 Rg8 39. Bg3 Qb4 40. Qe3 a2 41. Kg2 Rh8 42. Qf3 Qb3 43.
Rc3 Qb2 44. Ra3 a4 45. Be5 Rh6 46. Rh1 Rah8 47. Re1 Kg7 48. Bg3 Qb3 49. Rxb3 axb3 50. Qc3 Ra8 51. Qb4 a1=Q 52. Rxa1 Rxa1 53. Qb7 Kg6 54. Qxd7 b2 55. Qxe6 b1=Q 56. Qg8# 1-0

[Event "*** Titled Tuesday 3|2 Blitz"]
[Site "Chess.com"]
[Date "2016.03.01"]
[Round "7"]
[White "dretch"]
[Black "FairChess_on_YouTube"]
[Result "1-0"]
[WhiteElo "2584"]
[BlackElo "2751"]
[TimeControl "180+2"]
[EndTime "18:25:46 PST"]
[Termination "dretch won by resignation"]

1. d4 d5 2. c4 c6 3. Nf3 Nf6 4. Nc3 a6 5. cxd5 cxd5 6. Bf4 Nc6 7. Rc1 Bf5 8. e3 e6 9. Be2 Nd7 10. O-O Be7 11. Na4 g5 12. Be5 Ndxe5 13. Nxe5 Nxe5 14. dxe5 O-O 15. Qd4 Rc8 16. b4 Rc7 17. a3 Qb8 18.
Nb6 Bd8 19. Na4 Rxc1 20. Rxc1 Bc7 21. f4 gxf4 22. exf4 f6 23. Qc5 Bd8 24. Qd6 Qxd6 25.
exd6 e5 26. g4 Bd7 27. Nc5 Bc6 28. Ne6 Re8 29. f5 e4 30. Bxa6 d4 31. Bc4 Kh8 32.
b5 Bd7 33. Kf1 d3 34. Re1 d2 35. Rd1 e3 36. Ke2 Bb6 37. a4 Ra8 38. Bb3 Rc8 39. Nc7 h5 40. Nd5 Bd4 41. h3 Re8 42.
Rf1 Kg7 43. Bc4 hxg4 44. hxg4 Kh6 45. Nc7 Re5 46. Be6 Bxe6 47. fxe6 Bb6 48. e7 Kg5 49.
e8=Q 1-0

[Event "*** Titled Tuesday 3|2 Blitz"]
[Site "Chess.com"]
[Date "2016.03.01"]
[Round "7"]
[White "ethylalcohol"]
[Black "thegreendog"]
[Result "1/2-1/2"]
[WhiteElo "1782"]
[BlackElo "2212"]
[TimeControl "180+2"]
[EndTime "18:27:36 PST"]
[Termination "Game drawn by repetition"]

1. e4 c5 2. Nc3 Nc6 3. g3 e6 4. Bg2 Nf6 5. Nge2 Be7 6. O-O d5 7. exd5 exd5 8. d4 cxd4 9. Nxd4 O-O 10. Bg5 Nxd4 11. Qxd4 Be6 12. Rad1 Rc8 13. Qxa7 h6 14. Bxf6 Bxf6 15. Nxd5 Bxd5 16. Rxd5 Qc7 17. Rb5 Qxc2 18.
Rxb7 Ra8 19. Qb6 Rxa2 20. Bd5 Rxb2 21. Rc7 Qd2 22. Qc6 Bd4 23. Rxf7 Rxf7 24. Qe8+ Kh7 25. Qxf7 Qe2 26. Be6 Bxf2+ 27. Rxf2 Qe1+ 28. Kg2 Rxf2+ 29. Qxf2 Qxe6 30. Qc2+ Kg8 31. Qd3 Kf7 32. Qf3+ Ke7 33.
Qa3+ Kf6 34. Qf3+ Kg6 35. Qd3+ Kf7 36. Qf3+ Kg8 37. Qa8+ Kh7 38. Qf3 Qa2+ 39. Kh3 Qe6+ 40. Kg2 Qe1 41. Qf5+ Kg8 42. Qc8+ Kf7 43. Qf5+ Ke7 44.
Qc5+ Ke8 45. Qc6+ Kd8 46. Qd6+ Ke8 47. Qc6+ Kf7 48. Qd7+ Kf6 49. Qd6+ Kf7 50. Qd7+ Qe7 51. Qf5+ Kg8 52. Qc8+ Kh7 53. Qf5+ g6 54. Qd3 h5 55. h4 Kg7 56. Qd4+ Kh7 57. Qd3 Qb7+ 58. Qf3 Qb2+ 59. Qf2 Qg7 60. Qf4 Qe7 61. Qf3 Kg7 62. Qc3+ Kf7 63. Qc4+ Kg7 64. Qd4+ Kh6 65. Qf4+ Kh7 66. Qf3 Qe6 67. Qd3 Qc6+ 68. Qf3 Qc2+ 69. Qf2 Qe4+ 70.
Qf3 Qe6 71. Qd3 Qc6+ 72. Qf3 Qd6 73. Qe3 Kg7 74. Qc3+ Kf7 75. Qf3+ Ke7 76. Qe4+ Kd7 77. Kf3 Qf6+ 78. Qf4 Qc3+ 79. Qe3 Qc6+ 80. Qe4 Qc3+ 81. Qe3 Qf6+ 82. Qf4 Qc3+ 83. Qe3 Qc6+ 84. Qe4 Qf6+ 85. Qf4 Qc3+ 86. Qe3 1/2-1/2

[Event "*** Titled Tuesday 3|2 Blitz"]
[Site "Chess.com"]
[Date "2016.03.01"]
[Round "7"]
[White "Zazuliak"]
[Black "evgenyermolaev"]
[Result "0-1"]
[WhiteElo "2326"]
[BlackElo "2109"]
[TimeControl "180+2"]
[EndTime "18:28:18 PST"]
[Termination "evgenyermolaev won by resignation"]

1. d4 c5 2. d5 Nf6 3. c4 g6 4. Nc3 Bg7 5. e4 d6 6. Nf3 O-O 7. Be2 e6 8. O-O Re8 9. Bf4 exd5 10. exd5 Ne4 11. Nxe4 Rxe4 12. Bc1 Bg4 13. Qc2 Qe7 14.
Bd3 Bxf3 15. gxf3 Rh4 16. f4 Na6 17. a3 Qd7 18. f3 Bd4+ 19. Kh1 Qh3 20. Qg2 Re8 21. Qxh3 Rxh3 22. Kg2 Rh5 23. Bd2 b5 24. Rae1 Rxe1 25. Rxe1 bxc4 26. Bxc4 Nc7 27. Re7 Nxd5 28. Rxa7 Rf5 29. a4 Bxb2 30. a5 Nxf4+ 31. Bxf4 Rxf4 32. Bxf7+ Kg7 33. Bd5+ Kh6 34. Bg8 Ra4 35. h4 g5 36. Rxh7+ Kg6 37. h5+ Kf6 38. Rf7+ Ke5 39. h6 Rxa5 40. h7 Kd5 41. Rf5+ Kc6 42. Rxg5 Ra3 43. Bd5+ Kb6 44. Rg6 Rd3 45. Rxd6+ Kc7 46. Rc6+ Kd7 47. Rxc5 Kd6 48. Rb5 Rd2+ 49. Kh3 Rxd5 50. Rxb2 Rh5+ 51. Kg4 Rxh7 52. Re2 Rg7+ 53. Kh5 Rf7 54. Kg4 Rg7+ 55. Kh3 Rh7+ 56. Kg3 Rg7+ 57. Kf2 Rf7 58. Re3 Kd5 59. Re4 Ra7 60. Kg2 Rg7+ 61.
Kf2 Ra7 62. Re2 Rf7 63. Re3 Rf8 64. Re7 Kd6 65. Re4 Kd5 66. Ke3 Ra8 67. Re7 Kd6 68. Re4 Kd5 69. Kf2 Rf8 70. Kg3 Rg8+ 71. Rg4 Rf8 72. Rf4 Rg8+ 73. Rg4 Rf8 74. Rg6 Ke5 75. Kg4 Rf4+ 76. Kg3 Rf8 77. Ra6 Kf5 78. Ra5+ Kg6 79. f4 Rf6 80. Kg4 Rb6 81. Rg5+ Kf6 82. Rh5 Rb1 83. Rh6+ Kg7 84. Rb6 Rxb6 85. Kg5 Rb5+ 86. f5 Ra5 87. Kg4 Kf6 0-1